 Dungeon Sprint DCSS version 0.28-a0-1447-ga5a8893891 (webtiles) character file.

Game seed: 5556005034574233675

21803 browni3141 the Shatterer (level 13, -2/104 HPs)
             Began as a Formicid Fighter on Jan 10, 2022.
             Was an Initiate of Ashenzari.
             Slain by Pionoaf the pandemonium lord (18 damage)
             ... in the Dungeon (Sprint V: "Ziggurat Sprint").
             The game lasted 00:11:36 (1299 turns).

browni3141 the Shatterer (Formicid Fighter)         Turns: 1299, Time: 00:11:37

Health: -2/104     AC: 31    Str: 37    XL:     13   Next: 22%
Magic:  13/13      EV:  3    Int:  7    God:    Ashenzari [......]
Gold:   0          SH: 33    Dex: 12    Spells: 12/12 levels left

rFire   + + +      SeeInvis +   A - +7 great mace "Firestarter" {inner flame, rF++}
rCold   + . .      Faith    .   E - +18 shield of the Gong {rElec rN+ Will+ EV-5}
rNeg    + + .      Spirit   .   D - +15 Maxwell's patent armour {-Cast -Tele rElec Will+ rCorr}
rPois   .          Reflect  .   (helmet unavailable)
rElec   +          Harm     .   (no cloak)
rCorr   +          Rampage  .   (no gloves)
Will    +++..      NoCast   +   (no boots)
Stlth   ..........              P - amulet "Wonysacy" {Acrobat rF+ rC+ Regen+ Str-2 Dex+2}
HPRegen 1.07/turn               v - +6 ring of strength
MPRegen 0.13/turn               N - ring "Bound With Me" {rN+ Str+6 Stlth+, Bglg, Melee} (curse)

@: weakened, studying Axes
A: permanent stasis, dig shafts and tunnels, antennae 3, four strong arms
a: Dig, Renounce Religion, Curse Item, Shatter the Chains


You were in the Dungeon.
You worshipped Ashenzari.
Ashenzari was noncommittal.
You visited 1 branch

Inventory:

Hand Weapons
 a - a +0 flail
 A - the +7 great mace "Firestarter" (weapon) {inner flame, rF++}
   (You found it in the Dungeon)

   It burns those it strikes, dealing additional fire damage.
   It fills those it strikes with an explosive inner flame.
   It grants immunity to clouds of flame.
   rF:        It greatly protects you from fire.
 B - the +10 dark maul {vorpal}
   (You found it in the Dungeon)

   It inflicts extra damage upon your enemies.
 G - a +5 great mace
 H - the +5 mace "Tapibag" {freeze, Int+7}
   (You found it in the Dungeon)

   It freezes those it strikes, dealing additional cold damage.
   It can also slow down cold-blooded creatures.
   Int:       It affects your intelligence (+7).
Armour
 b - a +0 scale mail
 c - a +0 buckler
 C - a +5 crystal plate armour
 D - the +15 Maxwell's patent armour (worn) {-Cast -Tele rElec Will+ rCorr}
   (You found it in the Dungeon)

   rElec:     It insulates you from electricity.
   -Cast:     It prevents spellcasting.
   -Tele:     It prevents most forms of teleportation.
   rCorr:     It protects you from acid and corrosion.
   Will:      It increases your willpower.
 E - the +18 shield of the Gong (worn) {rElec rN+ Will+ EV-5}
   (You found it in the Dungeon)

   It is deafeningly noisy when blocking attacks.
   EV:        It affects your evasion (-5).
   rElec:     It insulates you from electricity.
   rN:        It protects you from negative energy.
   Will:      It increases your willpower.
Jewellery
 q - a ring of flight
 r - a +6 ring of dexterity
 s - a +6 ring of dexterity
 t - a +6 ring of intelligence
 u - a +6 ring of intelligence
 v - a +6 ring of strength (left hand)
 w - a +6 ring of strength
 J - a ring of protection from cold
 K - a ring of wizardry
 L - a ring of resist corrosion
 N - the cursed ring "Bound With Me" (right hand) {rN+ Str+6 Stlth+, Bglg, Melee}
   (You found it in the Dungeon)

   [ring of strength]

   Str:       It affects your strength (+6).
   rN:        It protects you from negative energy.
   Stlth:     It makes you more stealthy.
   It has a curse which improves the following skills: Beguiling: Conjurations,
   Hexes and Translocations.
   Melee Combat: Short Blades, Long Blades, Axes, Maces & Flails, Polearms,
   Staves and Unarmed Combat.
 P - the amulet "Wonysacy" (around neck) {Acrobat rF+ rC+ Regen+ Str-2 Dex+2}
   (You found it in the Dungeon)

   [amulet of the acrobat]

   It increases your evasion while moving and waiting.
   Str:       It affects your strength (-2).
   Dex:       It affects your dexterity (+2).
   rF:        It protects you from fire.
   rC:        It protects you from cold.
   Regen:     It increases your rate of health regeneration.
 Q - a +6 ring of dexterity
 R - the amulet "Tuzxym" {RegenMP Harm Str+8 Dex+5 Slay-6}
   (You found it in the Dungeon)

   [amulet of magic regeneration]

   It increases your rate of magic regeneration.
   Str:       It affects your strength (+8).
   Dex:       It affects your dexterity (+5).
   Slay:      It affects your accuracy & damage with ranged weapons and melee
   (-6).
   Harm:      It increases damage dealt and taken.
 S - a ring of protection from fire
Wands
 x - a wand of mindburst (7)
 z - a wand of acid (2)
Scrolls
 l - 4 scrolls of amnesia
 m - 6 scrolls of fog
 n - a scroll of holy word
 o - 5 scrolls of identify
 p - 2 scrolls of fear
 y - a scroll of brand weapon
Potions
 d - 6 potions of might
 e - 10 potions of curing
 f - 2 potions of heal wounds
 g - 7 potions of magic
 h - 2 potions of brilliance
 i - a potion of invisibility
 j - 2 potions of resistance
Miscellaneous
 k - a phantom mirror
 F - a lightning rod (4/4)
 I - a condenser vane
 M - a tin of tremorstones (2/2)
 O - a box of beasts


   Skills:
 + Level 10.4 Fighting
 * Level 21.9(22.3) Maces & Flails
 + Level 15.3 Armour
 - Level 2.2 Stealth
 + Level 21.0 Shields
 - Level 5.2 Evocations


You had 12 spell levels left.
You didn't know any spells.
Your spell library contained the following spells:

 Spells                   Type           Power      Damage    Failure   Level
 Apportation              Tloc           0%         N/A       92%         1
 Static Discharge         Conj/Air       0%         N/A       98%         2
 Dazzling Flash           Conj/Hex       0%         N/A       100%        3
 Gell's Gravitas          Tloc           0%         N/A       100%        3
 Ignite Poison            Fire/Tmut/Pois 0%         N/A       100%        3
 Inner Flame              Hex/Fire       0%         N/A       100%        3
 Portal Projectile        Hex/Tloc       0%         N/A       100%        3
 Stone Arrow              Conj/Erth      0%         3d7       100%        3
 Teleport Other           Tloc           0%         N/A       100%        3
 Tukima's Dance           Hex            0%         N/A       100%        3
 Animate Dead             Necr           0%         N/A       100%        4
 Olgreb's Toxic Radiance  Pois           0%         N/A       100%        4
 Passage of Golubria      Tloc           0%         N/A       100%        4
 Petrify                  Tmut/Erth      0%         N/A       100%        4
 Summon Lightning Spire   Summ/Air       0%         N/A       100%        4
 Borgnjor's Vile Clutch   Necr/Erth      0%         N/A       100%        5
 Freezing Cloud           Conj/Ice/Air   0%         6-21      100%        5
 Lee's Rapid Deconstruct  Erth           0%         3d5*      100%        5
 Silence                  Hex/Air        0%         N/A       100%        5
 Death Channel            Necr           0%         N/A       100%        6
 Dispersal                Tloc           0%         N/A       100%        6
 Simulacrum               Ice/Necr       0%         N/A       100%        6
 Statue Form              Tmut/Erth      0%         N/A       100%        6
 Ozocubu's Refrigeration  Ice            0%         4d5       100%        7
 Storm Form               Tmut/Air       0%         N/A       100%        7
 Ignition                 Fire           0%         3d3       100%        8
 Lehudib's Crystal Spear  Conj/Erth      0%         10d2      100%        8
 Maxwell's Capacitive Co  Air            0%         ∞         100%        8
 Necromutation            Tmut/Necr      0%         N/A       100%        8
 Polar Vortex             Ice            0%         N/A       100%        9
 Blink                    Tloc           Unusable   N/A       N/A         2

Dungeon Overview and Level Annotations

Branches:
Dungeon (1/1)

Altars:
Ashenzari
Cheibriados
Dithmenos
Elyvilon
Fedhas
Gozag
Hepliaklqana
Kikubaaqudgha
Makhleb
Nemelex Xobeh
Okawaru
Qazlal
Ru
Sif Muna
Trog
Uskayaw
Vehumet
Wu Jian
Xom
Yredelemnul
Zin
The Shining One
Beogh
Jiyva
Lugonu


Innate Abilities, Weirdness & Mutations

You cannot be hasted, slowed, berserked, paralysed or teleported.
You can dig through walls and to a lower floor.
You have a pair of large antennae on your head. (SInv)
Your four strong arms can wield two-handed weapons with a shield.


Message History

SHROANNG!
The Brimstone Fiend calls on the powers of darkness!
Your body is wracked with pain!
* * * LOW HITPOINT WARNING * * *
Pionoaf is engulfed in blazing flames.
Flame seeps out of Pionoaf.
You block Pionoaf's attack.
SHROANNG!
The sun demon hits you.
* * * LOW HITPOINT WARNING * * *
You are engulfed in flames.
You resist.
* * * LOW HITPOINT WARNING * * *
Unknown command.
You sock the sun demon!
Flame seeps out of the sun demon.
The sun demon is almost dead.
Pionoaf hits you.
* * * LOW HITPOINT WARNING * * *
You feel as though you will be weak longer.
You block the demonspawn blood saint's attack.
GONNNNG!
You block the sun demon's attack.
GONNNNG!
Unknown command.
Unknown command.
Unknown command.
You bludgeon the sun demon!!
The sun demon explodes!
The fiery explosion engulfs the rust devil.
The rust devil completely resists.
The rust devil is lightly wounded.
The fiery explosion engulfs the Brimstone Fiend.
The Brimstone Fiend completely resists.
The Brimstone Fiend is lightly wounded.
The fiery explosion engulfs the demonspawn blood saint.
The demonspawn blood saint completely resists.
The fiery explosion engulfs Pionoaf!!
Flame seeps out of Pionoaf.
Pionoaf is heavily wounded.
The fiery explosion engulfs you but does no damage.
You resist.
Pionoaf is engulfed in blazing flames.
Flame seeps out of Pionoaf.
Pionoaf hits you!!
You die...

▓..}=.}}).▓...}))...▓...
▓..|○§§=§.▓...)|[[..▓...
▓...§°°.☼☼▓.........▓...
▓.☼§☼§§.○§▓.........▓...
▓.°☼§°§.§.▓.......).▓...
▓.○§○§°).☼▓.........▓...
▓..▓○☼§▓..▓......)..▓...
▓....1§6..▓.▓..)))▓.▓...
▓...§4&@..▓....©.)..▓▓▓▓
▓▓▓▓▓▓▓▓▓▓▓▓▓▓▓▓▓▓▓▓▓


{{{{{{{{ {{{ {{{{{{{{{{ {{{{{{{{{{{{ {{{{{{{{{{ {{{{{{{{{{{{ {{{{{{{{{{ {{{{{{{
You could see Pionoaf (inner flame), a Brimstone Fiend, a demonspawn blood saint
and a rust devil.

Vanquished Creatures
  A pandemonium lord (D)
  2 deep elf master archers (D)
  A demonspawn corrupter (D)
  A lorocyproca (D)
  A white draconian (D)
  2 purple draconians (D)
  A deep elf annihilator (D)
  A red draconian (D)
  A deep elf high priest (D)
  2 dancing weapons (D)
  2 sun demons (D)
  A deep elf knight (D)
  A sixfirhy (D)
  A deep elf archer (D)
  2 deep elf zephyrmancers (D)
  5 deep elf pyromancers (D)
  A slime creature (D)
  2 draconians (D)
  A naga mage (D)
  A cane toad (D)
  An ice devil (D)
  2 komodo dragons (D)
  A blink frog (D)
  A water elemental (D)
  4 fire elementals (D)
  2 golden eyes (D)
  3 nagas (D)
  5 hell hounds (D)
  2 water moccasins (D)
  A wolf (D)
  2 jellies (D)
  An iguana (D)
  A shadow imp (D)
  A white imp (D)
  An adder zombie (D)
  An endoplasm (D)
  3 jackals (D)
  A ball python (D)
  A ball python zombie (D)
  2 fire vortices (D)
66 creatures vanquished.

Vanquished Creatures (collateral kills)
  A deep elf annihilator (D)
  A water elemental (D)
2 creatures vanquished.

Vanquished Creatures (others)
  A bat zombie (D)
  A ball python skeleton (D)
2 creatures vanquished.

Grand Total: 70 creatures vanquished

Notes
Turn   | Place    | Note
-------+----------+-------------------------------------------
     0 | D        | browni3141 the Formicid Fighter began the quest for the
                  | Orb.
     0 | D        | Reached XP level 1. HP: 18/18 MP: 1/1
     0 | D        | Found a shimmering blue altar of Sif Muna.
     0 | D        | Found a sacrificial altar of Ru.
     0 | D        | Found a bloodstained altar of Trog.
     0 | D        | Found a stormy altar of Qazlal.
     0 | D        | Found an iron altar of Okawaru.
     0 | D        | Found a sparkling altar of Nemelex Xobeh.
     0 | D        | Found a blossoming altar of Fedhas.
     0 | D        | Found the +6 Majin-Bo {vamp, MP+6 Int+6}
     0 | D        | Found the +9 heavy crossbow "Sniper" {vorpal, Acc+∞ SInv}
     0 | D        | Found the +10 dark maul {vorpal}
     0 | D        | Found the +15 Maxwell's patent armour {-Cast -Tele rElec
                  | Will+ rCorr}
     0 | D        | Found the +18 shield of the Gong {rElec rN+ Will+ EV-5}
     0 | D        | Found the +14 obsidian axe {vorpal, Mesm Drain Fly SInv}
     0 | D        | Found the +7 great mace "Firestarter" {inner flame, rF++}
     0 | D        | Found the +6 shillelagh "Devastator" {shatter}
     0 | D        | Found the +11 plutonium sword {Contam Stlth-}
     0 | D        | Found the +8 lance "Wyrmbane" {slay drac, rPois rF+ rC+
                  | AC+3}
     0 | D        | Found the +9 sword of Zonguldrok {reap}
     0 | D        | Found the +13 scythe of Curses {drain, Drain}
     0 | D        | Found the +5 sword of Power {vorpal}
     0 | D        | Found the +7 mace of Variability {chain chaos}
     0 | D        | Found the +7 Singing Sword {vorpal, sonic wave}
     0 | D        | Found the +8 storm bow {elec, penet}
     2 | D        | Found a transporter.
     2 | D        | Found an ancient bone altar of Kikubaaqudgha.
     2 | D        | Found a viscous altar of Jiyva.
     2 | D        | Found a corrupted altar of Lugonu.
     2 | D        | Found a hazy altar of Hepliaklqana.
     2 | D        | Found a burning altar of Makhleb.
     2 | D        | Found an opulent altar of Gozag.
    48 | D        | Became a worshipper of Ashenzari the Shackled
   106 | D        | Entered arena 2.
   106 | D        | Noticed a golden eye
   106 | D        | Found a transporter.
   182 | D        | Killed a golden eye
   183 | D        | Reached XP level 2. HP: 29/29 MP: 2/2
   183 | D        | Reached XP level 3. HP: 35/35 MP: 3/3
   183 | D        | Reached XP level 4. HP: 41/41 MP: 4/4
   183 | D        | Reached XP level 5. HP: 47/47 MP: 5/5
   187 | D        | Got the +5 mace "Tapibag" {freeze, Int+7}
   191 | D        | Entered arena 3.
   191 | D        | Found a transporter.
   214 | D        | Entered arena 4.
   214 | D        | Noticed a fire elemental
   214 | D        | Noticed a fire elemental
   214 | D        | Found a transporter.
   218 | D        | Killed a fire elemental
   218 | D        | Killed a fire elemental
   219 | D        | Reached skill level 10 in Shields
   219 | D        | Reached skill level 1 in Evocations
   219 | D        | Reached XP level 6. HP: 55/55 MP: 6/6
   219 | D        | Reached XP level 7. HP: 60/60 MP: 7/7
   337 | D        | Reached XP level 8. HP: 67/67 MP: 8/8
   341 | D        | Entered arena 5.
   341 | D        | Noticed a fire elemental
   341 | D        | Noticed a fire elemental
   341 | D        | Found a transporter.
   343 | D        | Killed a fire elemental
   344 | D        | Killed a fire elemental
   345 | D        | Reached skill level 10 in Armour
   364 | D        | Entered arena 6.
   364 | D        | Noticed a slime creature
   364 | D        | Noticed a slime creature
   364 | D        | Found a transporter.
   367 | D        | Reached XP level 9. HP: 72/72 MP: 9/9
   375 | D        | Killed a large slime creature
   487 | D        | Entered arena 7.
   487 | D        | Noticed a purple draconian
   487 | D        | Noticed a draconian
   487 | D        | Noticed a red draconian
   487 | D        | Noticed a purple draconian
   487 | D        | Noticed a white draconian
   487 | D        | Noticed a draconian
   490 | D        | Found a transporter.
   495 | D        | Killed a draconian
   500 | D        | HP: 2/72 [purple draconian/bolt of dispelling energy (37)]
   501 | D        | Killed a purple draconian
   502 | D        | Reached skill level 1 in Stealth
   502 | D        | Reached XP level 10. HP: 28/79 MP: 10/10
   505 | D        | Killed a purple draconian
   506 | D        | Reached skill level 15 in Maces & Flails
   509 | D        | Killed a red draconian
   511 | D        | Killed a draconian
   512 | D        | Reached skill level 15 in Shields
   512 | D        | Reached skill level 5 in Evocations
   513 | D        | Killed a white draconian
   749 | D        | Entered arena 8.
   749 | D        | Noticed a naga mage
   751 | D        | Reached XP level 11. HP: 84/84 MP: 11/11
   751 | D        | Found a transporter.
   763 | D        | Got the Grimoire of Malediction and the Volcanoes
   766 | D        | Got the ring "Uliwidgh" {rN+ Str+6 Stlth+}
   900 | D        | Entered arena 9.
   913 | D        | Found a transporter.
   974 | D        | Entered arena 10.
   974 | D        | Noticed a deep elf pyromancer
   974 | D        | Noticed a deep elf archer
   974 | D        | Noticed a deep elf pyromancer
   974 | D        | Noticed a deep elf pyromancer
   974 | D        | Noticed a deep elf knight
   974 | D        | Noticed a +8 battleaxe of freezing
   974 | D        | Noticed a deep elf zephyrmancer
   974 | D        | Noticed a +6 mace of protection
   976 | D        | Killed a deep elf knight
   976 | D        | Killed a deep elf pyromancer
   977 | D        | Killed a +6 mace of protection
   977 | D        | Killed a deep elf zephyrmancer
   977 | D        | Killed a deep elf archer
   977 | D        | Killed a deep elf pyromancer
   983 | D        | Killed a +8 battleaxe of freezing
   987 | D        | Killed a deep elf pyromancer
   988 | D        | Reached XP level 12. HP: 88/94 MP: 12/12
   988 | D        | Found a transporter.
  1015 | D        | Got the amulet "Wonysacy" {Acrobat rF+ rC+ Regen+ Str-2
                  | Dex+2}
  1016 | D        | Reached * piety under Ashenzari
  1016 | D        | Identified the +9 long sword of Massacring {flame, *Slow
                  | rF+ Dex+3}
  1130 | D        | Entered arena 11.
  1131 | D        | Found a transporter.
  1151 | D        | Got the amulet "Tuzxym" {RegenMP Harm Str+8 Dex+5 Slay-6}
  1153 | D        | Got the Collected Works on Earth
  1157 | D        | Got Ydizezuxt's Tome of the Voyage
  1166 | D        | Entered arena 12.
  1166 | D        | Noticed a deep elf annihilator
  1166 | D        | Noticed a deep elf annihilator
  1166 | D        | Noticed a deep elf master archer
  1166 | D        | Noticed a deep elf master archer
  1173 | D        | Noticed a deep elf high priest
  1177 | D        | Killed a deep elf annihilator
  1179 | D        | Killed a deep elf master archer
  1182 | D        | Killed a deep elf annihilator
  1182 | D        | Killed a deep elf high priest
  1194 | D        | Killed a deep elf master archer
  1196 | D        | Found a transporter.
  1270 | D        | Got the Grimoire of Shape Shifting and Weightlessness
  1273 | D        | Entered arena 13.
  1273 | D        | Noticed a sun demon
  1273 | D        | Noticed a demonspawn blood saint
  1273 | D        | Noticed a lorocyproca
  1273 | D        | Noticed a sixfirhy
  1273 | D        | Noticed a sun demon
  1273 | D        | Noticed a Brimstone Fiend
  1274 | D        | Noticed Pionoaf the pandemonium lord
  1274 | D        | Noticed Fosihuog the pandemonium lord
  1274 | D        | Noticed a demonspawn corrupter
  1276 | D        | Noticed a sphinx
  1276 | D        | Noticed a mummy priest
  1277 | D        | Killed a sixfirhy
  1278 | D        | Noticed a vampire knight
  1278 | D        | Noticed a vampire knight
  1279 | D        | Noticed a rockslime
  1280 | D        | Noticed a sun demon
  1280 | D        | Killed a sun demon
  1286 | D        | Killed a lorocyproca
  1287 | D        | Reached skill level 10 in Fighting
  1287 | D        | Reached XP level 13. HP: 23/103 MP: 13/13
  1287 | D        | Killed a demonspawn corrupter
  1288 | D        | Reached skill level 15 in Armour
  1289 | D        | Killed Fosihuog the pandemonium lord
  1299 | D        | Slain by Pionoaf the pandemonium lord

Illustrated notes

Levels and vault maps discovered:
D:        sprint_v [room_start, room_1, room_2, room_3, room_4, room_5, room_6,
          room_7, room_8, room_9, room_10, room_11, room_12, room_13, room_14,
          room_15, room_16, room_17, room_18, room_19, room_20, room_21,
          room_22, room_23, room_24, room_25, room_26, room_27]

Skill      XL: |  1  2  3  4  5  6  7  8  9 10 11 12 13 |
---------------+----------------------------------------+-----
Fighting       | 6 7 8 10 | 10.4
Maces & Flails | 3 6 11 12 14 16 19 21 | 21.9
Armour         | 6 9 10 11 12 13 14 15 | 15.3
Shields        | 7 10 12 13 15 17 20 21 | 21.0
Evocations     | 1 2 4 5 |  5.2
Stealth        | 1 2 |  2.2

Action                   |  1- 3 |  4- 6 |  7- 9 | 10-12 | 13-15 || total
-------------------------+-------+-------+-------+-------+-------++-------
Melee: Great mace        |    25 |       |    23 |    63 |     8 ||   119
       Mace              |       |    10 |       |       |       ||    10
Invok: Curse Item        |       |       |       |     2 |       ||     2
       Shatter the Chain |       |       |       |     1 |       ||     1
Evoke: Wand              |       |     3 |     4 |     4 |     1 ||    12
       Condenser vane    |       |       |     1 |     1 |       ||     2
       Tin of tremorston |       |       |       |     6 |     1 ||     7
       Box of beasts     |       |       |       |     1 |       ||     1
       Phantom mirror    |       |       |       |     1 |       ||     1
  Use: Potion            |       |       |     4 |     6 |     2 ||    12
       Scroll            |       |       |       |     1 |       ||     1
 Stab: Invisible         |       |       |     1 |       |       ||     1
Armor: Plate armour      |       |     3 |     7 |    33 |    13 ||    56
Dodge: Dodged            |       |     1 |     2 |    10 |     2 ||    15
Block: Kite shield       |       |    21 |    27 |   111 |    29 ||   188

Table legend: (Time is in decaauts)
 A = Elapsed time spent in this place.
 B = Non-inter-level travel time spent in this place.
 C = Inter-level travel time spent in this place.
 D = Time resting spent in this place.
 E = Time spent auto-exploring this place.
 F = Levels seen in this place.
 G = Mean time per level.
                   A        B        C        D        E       F      G
               +--------+--------+--------+--------+--------+-----+--------+
         Total |   1308 |   1308 |      0 |    570 |    221 |   1 | 1308.0 |
       Dungeon |   1308 |   1308 |      0 |    570 |    221 |   1 | 1308.0 |
               +--------+--------+--------+--------+--------+-----+--------+

Top non-repeatable levels by time:
       D: 1308 daAuts
